 Dungeon Crawl Stone Soup version 0.28-a0-199-g298df9dbad (webtiles) character file.

Game seed: 10458949084200791867

346 theanonym the Cudgeller (level 6, -1/48 HPs)
             Began as a Mummy Brigand on Aug 20, 2021.
             Was a Believer of Nemelex Xobeh.
             Slain by a hellwing (11 damage)
             ... summoned by the player character
             ... on level 4 of the Dungeon.
             The game lasted 00:05:41 (5241 turns).

theanonym the Cudgeller (Mummy Brigand)             Turns: 5241, Time: 00:05:42

Health: -1/48      AC: 10    Str: 16    XL:     6   Next: 32%
Magic:  6/6        EV:  6    Int: 10    God:    Nemelex Xobeh [**....]
Gold:   127        SH:  0    Dex: 14    Spells: 5/5 levels left

rFire   x . .      SeeInvis .   f - +2 flail (drain)
rCold   + . .      Faith    .   (no shield)
rNeg    + + +      Spirit   .   l - +0 chain mail
rPois   ∞          Reflect  .   i - +0 helmet
rElec   .          Harm     .   c - +0 cloak
rCorr   .          Rampage  .   (no gloves)
Will    .....                   (no boots)
Stlth   ..........              (no amulet)
HPRegen 0.16/turn               (no ring)
MPRegen 0.10/turn               (no ring)

@: no status effects
A: cold resistance 1, negative energy resistance 3, torment resistance 2, heat
vulnerability 1, no potions
a: Renounce Religion, Draw Escape, Draw Destruction, Draw Summoning


Innate Abilities, Weirdness & Mutations

You are immune to poison.
Your flesh is cold resistant. (rC+)
You are immune to negative energy. (rN+++)
You are immune to unholy pain and torment.
You are vulnerable to heat. (rF-)
You do not drink.


   Skills:
 + Level 4.1 Fighting
 - Level 1.5 Short Blades
 * Level 4.2 Maces & Flails
 - Level 1.5 Throwing
 - Level 0.7 Dodging
 - Level 3.2 Stealth


You had 5 spell levels left.
You didn't know any spells.
Your spell library contained the following spells:

 Spells                   Type           Power      Damage    Failure   Level
 Apportation              Tloc           0%         N/A       100%        1
 Foxfire                  Conj/Fire      0%         2x1d4     100%        1
 Magic Dart               Conj           0%         1d3       100%        1
 Call Imp                 Summ           0%         N/A       100%        2
 Slow                     Hex            0%         N/A       100%        2
 Confusing Touch          Hex            0%         N/A       100%        3
 Conjure Flame            Conj/Fire      0%         6-21      100%        3
 Inner Flame              Hex/Fire       0%         N/A       100%        3
 Mephitic Cloud           Conj/Pois/Air  0%         N/A       100%        3
 Vampiric Draining        Necr           0%         2d6       100%        3
 Alistair's Intoxication  Tmut/Pois      0%         N/A       100%        5
 Invisibility             Hex            0%         N/A       100%        6

Skill      XL: |  1  2  3  4  5 |
---------------+----------------+-----
Maces & Flails | 1 2 3 4 |  4.2
Fighting       | 3 4 |  4.1
Short Blades   | |  1.5
Throwing       | |  1.5
Dodging        | |  0.7
Stealth        | |  3.2

Action                   |  1- 3 |  4- 6 || total
-------------------------+-------+-------++-------
Melee: Whip              |   167 |    90 ||   257
       Dagger            |     1 |       ||     1
       Club              |       |    98 ||    98
       Flail             |       |    26 ||    26
Throw: Dart              |     4 |    14 ||    18
Invok: Draw Destruction  |     3 |       ||     3
       Draw Escape       |     1 |       ||     1
       Draw Summoning    |       |     1 ||     1
 Stab: Sleeping          |     6 |       ||     6
Armor: Robe              |    50 |    18 ||    68
       Scale mail        |       |   115 ||   115
       Chain mail        |       |    27 ||    27
Dodge: Dodged            |   105 |   171 ||   276

Inventory:

Hand Weapons
 f - a +2 flail of draining (weapon)
Missiles
 d - 22 poisoned darts (quivered)
 e - 2 curare-tipped darts
Armour
 c - a +0 cloak (worn)
 i - a +0 helmet (worn)
 l - a +0 chain mail (worn)
Scrolls
 a - 2 scrolls of noise {unknown}
 b - a scroll of amnesia {unknown}
 g - a scroll of immolation {unknown}
 h - 3 scrolls of identify {unknown}
 j - a scroll of fear {unknown}


You were on level 4 of the Dungeon.
You worshipped Nemelex Xobeh.
Nemelex Xobeh was pleased with you.
You visited 1 branch of the dungeon, and saw 4 of its levels.

You collected 127 gold pieces.

Dungeon Overview and Level Annotations

Branches:
Dungeon (4/15)
 Temple: D:4-7

Altars:
Hepliaklqana
Nemelex Xobeh

Annotations:
D:2 Robin

.>......##.... .#
)#..#...#...###. ##.#
.#..#.).....<.. ...#
.#.<...#.#..## #..#
.#...........# #..#
.####..#.#...##.###..#
.[...>.#.............#
#####.####..#.#####y.#
#.# #.###h4@yyy.# #)#
##.#.#####..######.#
#<# ##†## #.......^.#
#.######.###
#.######..#
#..........# #y#
########.#.# ...
#.#.....⌠..
#.#####...## #.# ##.##


You could see a hellwing (summoned, ally target), 4 killer bees and a friendly
hell hound (summoned).

Notes
Turn   | Place    | Note
-------+----------+-------------------------------------------
     0 | D:1      | theanonym the Mummy Brigand began the quest for the Orb.
     0 | D:1      | Reached XP level 1. HP: 16/16 MP: 1/1
   287 | D:1      | Found a faded altar of an unknown god.
   306 | D:1      | Became a worshipper of Nemelex Xobeh the Trickster
   306 | D:1      | Reached * piety under Nemelex Xobeh
   376 | D:1      | Reached skill level 1 in Maces & Flails
   376 | D:1      | Reached XP level 2. HP: 13/22 MP: 2/2
   721 | D:1      | Received a gift from Nemelex Xobeh
  1178 | D:2      | Noticed Robin
  1267 | D:2      | Reached ** piety under Nemelex Xobeh
  1334 | D:2      | Found a hazy altar of Hepliaklqana.
  1373 | D:2      | HP: 11/23 [adder (2)]
  1376 | D:2      | HP: 5/23 [adder (2)]
  1378 | D:2      | Reached XP level 3. HP: 6/28 MP: 3/3
  1380 | D:2      | Received a gift from Nemelex Xobeh
  1786 | D:2      | Reached skill level 2 in Maces & Flails
  1788 | D:2      | HP: 14/28 [goblin (1)]
  2245 | D:2      | HP: 14/28 [goblin[Robin] (5)]
  2247 | D:2      | Noticed Robin
  2247 | D:2      | Robin changed into Robin the swamp drake
  2806 | D:3      | Reached skill level 3 in Fighting
  2806 | D:3      | Reached XP level 4. HP: 21/35 MP: 4/4
  2806 | D:3      | HP: 17/35 [orc (4)]
  2812 | D:3      | HP: 14/35 [orc (1)]
  3847 | D:3      | HP: 17/35 [adder (2)]
  4324 | D:3      | HP: 10/35 [iguana (10)]
  4338 | D:3      | HP: 6/35 [iguana (5)]
  4343 | D:3      | Reached skill level 3 in Maces & Flails
  4343 | D:3      | Reached XP level 5. HP: 8/41 MP: 5/5
  4841 | D:4      | Noticed Edmund
  4853 | D:4      | HP: 18/41 [Edmund (6)]
  4860 | D:4      | HP: 11/41 [Edmund (7)]
  4868 | D:4      | Killed Edmund
  5221 | D:4      | Reached skill level 4 in Fighting
  5221 | D:4      | Reached skill level 4 in Maces & Flails
  5221 | D:4      | Reached XP level 6. HP: 27/48 MP: 6/6
  5228 | D:4      | HP: 23/48 [killer bee (3)]
  5234 | D:4      | HP: 17/48 [killer bee (5)]
  5238 | D:4      | Noticed a hellwing
  5239 | D:4      | HP: 12/48 [killer bee (3)]
  5241 | D:4      | Slain by a hellwing

Vanquished Creatures
  Edmund (D:4)
  2 killer bees (D:4)
  An iguana (D:3)
  4 adders
  2 worms
  A dart slug (D:2)
  3 orcs
  4 endoplasms
  4 giant cockroaches
  6 hobgoblins
  13 jackals
  5 ball pythons
  4 bats
  2 frilled lizards
  10 goblins
  5 kobolds
  5 rats
72 creatures vanquished.

Vanquished Creatures (others)
  A goblin (D:2)
1 creature vanquished.

Grand Total: 73 creatures vanquished

Table legend: (Time is in decaauts)
 A = Elapsed time spent in this place.
 B = Non-inter-level travel time spent in this place.
 C = Inter-level travel time spent in this place.
 D = Time resting spent in this place.
 E = Time spent auto-exploring this place.
 F = Levels seen in this place.
 G = Mean time per level.
                   A        B        C        D        E       F      G
               +--------+--------+--------+--------+--------+-----+--------+
         Total |   5261 |   5010 |    251 |   1822 |   2392 |   4 | 1315.2 |
       Dungeon |   5261 |   5010 |    251 |   1822 |   2392 |   4 | 1315.2 |
               +--------+--------+--------+--------+--------+-----+--------+

Top non-repeatable levels by time:
     D:2: 1902 daAuts
     D:3: 1865 daAuts
     D:1: 1077 daAuts
     D:4: 416 daAuts
